 Dungeon Crawl Stone Soup version 0.24-a0-284-g9fb9971df1 (webtiles) character file.

Game seed: 2518732161892588903

6790 Redear the Fighter (level 10, -11/82 HPs)
             Began as a Demonspawn Chaos Knight on May 6, 2019.
             Was a Plaything of Xom.
             Blown up by Maurice (18 damage)
             ... with a disintegration bolt
             ... on level 9 of the Dungeon.
             The game lasted 00:22:50 (11154 turns).

Redear the Fighter (Demonspawn Chaos Knight)       Turns: 11154, Time: 00:22:50

Health: -11/82     AC:  8    Str: 15 (17) XL:     10   Next: 76%
Magic:  10/10      EV: 15    Int: 13      God:    Xom [...*..]
Gold:   0          SH:  0    Dex: 14      Spells: 9/9 levels left

rFire    . . .     SeeInvis .   n - +1 hand axe
rCold    + . .     Gourm    .   (no shield)
rNeg     . . .     Faith    .   b - +2 leather armour
rPois    .         Spirit   .   (helmet restricted)
rElec    .         Reflect  .   k - +0 cloak (curse)
rCorr    .         Harm     .   e - +0 pair of gloves
MR       .....                  (no boots)
Stlth    ++........             r - amulet of regeneration {+Regen}
HPRegen  0.63/turn              H - ring of wizardry {Wiz+}
MPRegen  0.12/turn              (no ring)

@: very slightly contaminated, heavily drained, invisible
A: antennae 1, talons 1, thin skeletal structure 1, cold resistance 1,
deterioration 1, mutation resistance 1, freezing cloud immunity, MP-powered
wands
a: Renounce Religion


You were on level 9 of the Dungeon.
You worshipped Xom.
You were a favourite toy of Xom.
You were hungry.

You visited 1 branch of the dungeon, and saw 9 of its levels.
You also visited: Bailey.

Inventory:

Hand Weapons
 a - a +0 hand axe of chaos
 j - a +1 dagger of venom
 n - a +1 hand axe (weapon)
 o - a +0 dagger
 v - a +0 war axe
 y - a +0 broad axe
 D - a +0 whip of venom
 I - a +0 hand axe
Armour
 b - a +2 leather armour (worn)
 d - a +1 cloak of magic resistance
 e - a +0 pair of gloves (worn)
 f - the +2 ring mail "Oskanar" {-Tele rElec Dex+5, unknown}
   (You found it in a bailey)

   It affects your dexterity (+5).
   It insulates you from electricity.
   It prevents most forms of teleportation.
 i - a +0 helmet
 k - a cursed +0 cloak (worn)
 s - a +0 pair of gloves
 u - a +0 plate armour of fire resistance
Jewellery
 g - an uncursed ring of fire {rF+ rC-}
 m - an uncursed ring of protection from magic {MR+}
 r - an amulet of regeneration (around neck) {+Regen}
 H - a ring of wizardry (left hand) {Wiz+}
Wands
 B - a wand of polymorph (13)
Scrolls
 c - a scroll of blinking {unknown}
 h - 4 scrolls of noise
 q - a scroll of random uselessness {unknown}
 t - a scroll of amnesia {unknown}
 C - a scroll of enchant weapon {unknown}
 F - 5 scrolls of fog {unknown}
 M - 3 scrolls of magic mapping
 N - 4 scrolls of remove curse
 T - 2 scrolls of teleportation
Potions
 l - 2 potions of flight
 p - a potion of lignification {unknown}
 w - 5 potions of mutation {!q}
 x - a potion of cancellation
 A - 2 potions of magic
 G - 2 potions of degeneration {!q}
Comestibles
 z - 18 rations


   Skills:
 + Level 8.9(7.6) Fighting
 + Level 8.1(6.8) Axes
 + Level 7.8(6.5) Armour
 + Level 7.6(6.3) Dodging


You had 9 spell levels left.
You didn't know any spells.
Your spell library contained the following spells:

 Spells                   Type           Power        Failure   Level  Hunger
 Animate Skeleton         Necr           N/A          16%         1    ##.....
 Beastly Appendage        Tmut           #.....       16%         1    ##.....
 Pain                     Necr           #...         16%         1    ##.....
 Ensorcelled Hibernation  Hex/Ice        #.....       22%         2    ###....
 Sticks to Snakes         Tmut           #.......     22%         2    ###....
 Regeneration             Chrm/Necr      #.........   38%         3    ####...
 Spider Form              Tmut/Pois      #.........   38%         3    ####...
 Vampiric Draining        Necr           #.........   38%         3    ####...
 Animate Dead             Necr           N/A          78%         4    #####..
 Ice Form                 Ice/Tmut       #.......     78%         4    #####..
 Blade Hands              Tmut           #.........   98%         5    ######.
 Borgnjor's Vile Clutch   Necr/Erth      #.........   98%         5    ######.
 Silence                  Hex/Air        #.........   98%         5    ######.
 Darkness                 Hex            #.........   100%        6    #######
 Shadow Creatures         Summ           N/A          100%        6    #######


Dungeon Overview and Level Annotations

Branches:
Dungeon (9/15)             Temple (0/1) D:6
   Lair: D:8-11         Orc: D:9-12

Altars:
Hepliaklqana
Qazlal
Trog
Xom

Annotations:
D:9 Maurice, Prince Ribbit


Innate Abilities, Weirdness & Mutations

You have sharp toenails.
You have a somewhat thin skeletal structure. (Dex +2, Stealth)
Your flesh is cold resistant. (rC+)
You are immune to freezing clouds.
You have a pair of small antennae on your head.
Your body sometimes deteriorates upon taking damage.
You are somewhat resistant to further mutation.
You expend magic power (3 MP) to strengthen your wands.


Message History

You take 5 damage, and have 34/82 hp.
Unknown command.
You hear a zap.
You are blasted!
* * * LOW HITPOINT WARNING * * *
You take 25 damage, and have 9/82 hp.
MASSIVE DAMAGE!!
It was a potion of invisibility.
You fade into invisibility!
You are very lightly contaminated with residual magic.
Unknown command.
Something hits you!
* * * LOW HITPOINT WARNING * * *
Something steals 145 gold pieces!
You now have 0 gold pieces.
You take 6 damage, and have 6/82 hp.
Okay, then.
Unknown command.
You hear a zap.
You are blasted!
You die...
Xom roars with laughter!

#...##............# #...
#...##............# #...
#......############ #...
#...PP§#.........# ##.>
#.§§§§§#.........# #..
#.§.§.§#<........# #..
#.§§P.P#.........# #..
#.####.#.........# #..
#.# #§#.....@...# #..
#.####.#_...bb...#######
#..
#.....)).......{........
#..
#...._.#...bbb..........
###
#..)...#.........##.....
.. #....(.#.........#
.... ..
#......#......(..#,,,...
... #...#..#.........#,
, .##
#...#..#.........#*, . .


There were no monsters in sight!

Vanquished Creatures
  A two-headed ogre (D:9)
  An orc knight (Bailey)
  2 hippogriffs (D:7)
  A hungry ghost (D:9)
  Grum (D:9)
  A sky beast (D:6)
  2 black bears (D:6)
  7 ice beasts
  2 necrophages (D:9)
  A phantom (D:4)
  4 ogres
  5 orc warriors
  4 centaurs
  2 wolves (D:9)
  2 bullfrogs
  4 scorpions
  9 wights (D:9)
  4 crimson imps
  A centaur zombie (D:5)
  A bullfrog zombie (D:9)
  3 jellies
  3 hounds
  2 orc priests
  An iron imp (D:7)
  A centaur skeleton (D:5)
  2 iguanas
  4 orc wizards
  4 worker ants
  A hound zombie (D:8)
  A howler monkey zombie (D:9)
  12 gnolls
  11 adders
  2 shadow imps
  An ooze (D:5)
  3 adder zombies
  3 adder skeletons
  2 worms
  2 dart slugs (D:1)
  6 leopard geckos
  23 orcs
  2 ball pythons
  5 giant cockroaches
  11 goblins
  9 hobgoblins
  4 jackals (D:2)
  6 kobolds
  4 quokkas
  4 bats
  4 frilled lizards
  A jackal zombie (D:6)
  A leopard gecko zombie (D:5)
  6 rats
199 creatures vanquished.

Vanquished Creatures (collateral kills)
  A two-headed ogre (D:8)
  A hippogriff (D:8)
  An orc warrior (D:6)
  An ogre (D:8)
  A bullfrog (D:8)
5 creatures vanquished.

Vanquished Creatures (others)
  A dancing weapon (D:6)
  An orc (Bailey)
  A fire vortex (D:6)
3 creatures vanquished.

Grand Total: 207 creatures vanquished

Notes
Turn   | Place    | Note
-------+----------+-------------------------------------------
     0 | D:1      | Redear the Demonspawn Chaos Knight began the quest for the
                  | Orb.
     0 | D:1      | Reached XP level 1. HP: 18/18 MP: 1/1
    18 | D:1      | XOM: potion effect (haste)
    20 | D:1      | Reached skill level 1 in Dodging
    85 | D:1      | XOM: divination: magic mapping
   250 | D:1      | XOM: potion effect (haste)
   465 | D:1      | Reached skill level 2 in Armour
   465 | D:1      | Gained mutation: You have a somewhat thin skeletal
                  | structure. (Dex +2, Stealth) [demonic ancestry]
   465 | D:1      | Reached XP level 2. HP: 20/24 MP: 2/2
   474 | D:1      | XOM: harmless Erth miscast
   984 | D:1      | XOM: give mutation
   984 | D:1      | Gained mutation: Your body sometimes deteriorates upon
                  | taking damage. [Xom's mischief]
  1217 | D:2      | Reached skill level 3 in Axes
  1219 | D:2      | Reached XP level 3. HP: 17/29 MP: 3/3
  1317 | D:2      | XOM: god gift: scroll labeled HAZ JI YPT {god gift}
  1478 | D:2      | XOM: enchant monster (bad)
  1744 | D:2      | XOM: give mutation
  1744 | D:2      | Gained mutation: You have a pair of small antennae on your
                  | head. [Xom's grace]
  2031 | D:2      | XOM: noise
  2087 | D:2      | Reached XP level 4. HP: 35/35 MP: 4/4
  2179 | D:3      | XOM: mild Tloc miscast
  2351 | D:3      | XOM: divination: detect creatures
  2389 | D:3      | XOM: mild Tmut miscast
  2520 | D:3      | Reached skill level 2 in Dodging
  2653 | D:3      | XOM: polymorph rat -> gnoll
  2817 | D:3      | XOM: butterfly on damage
  2817 | D:3      | XOM: smoke on damage
  2937 | D:3      | Reached XP level 5. HP: 33/42 MP: 5/5
  2943 | D:3      | XOM: silly message
  2964 | D:3      | XOM: divination: detect creatures
  3380 | D:4      | Noticed a phantom
  3392 | D:4      | XOM: cast spell 'Cause Fear'
  3399 | D:4      | XOM: cast spell 'Olgreb's Toxic Radiance'
  3409 | D:4      | Killed a phantom
  3409 | D:4      | Reached skill level 4 in Fighting
  3409 | D:4      | Reached skill level 3 in Armour
  3549 | D:4      | XOM: scenery: create altars
  3564 | D:4      | Reached XP level 6. HP: 40/48 MP: 6/6
  3811 | D:4      | Reached skill level 4 in Axes
  3811 | D:4      | Reached skill level 3 in Dodging
  3981 | D:4      | Found a hazy altar of Hepliaklqana.
  3999 | D:4      | XOM: god gift: 37 gold pieces
  4037 | D:5      | Entered Level 5 of the Dungeon
  4507 | D:4      | Gained mutation: Your flesh is cold resistant. (rC+)
                  | [demonic ancestry]
  4507 | D:4      | Reached XP level 7. HP: 41/55 MP: 7/7
  4646 | D:4      | XOM: scenery: create altars
  4673 | D:4      | XOM: give mutations
  4673 | D:4      | Gained mutation: You expend magic power (3 MP) to
                  | strengthen your wands. [Xom's grace]
  4673 | D:4      | Gained mutation: You are somewhat resistant to further
                  | mutation. [Xom's grace]
  4675 | D:4      | XOM: scenery: create altars
  4912 | D:5      | XOM: summons friendly white imp
  4922 | D:5      | Reached skill level 4 in Armour
  4942 | D:5      | Reached skill level 5 in Fighting
  5052 | D:5      | XOM: 2-stop teleportation journey
  5068 | D:5      | XOM: enchant monster (good)
  5289 | D:5      | XOM: harmless Hex miscast
  5341 | D:5      | Reached skill level 4 in Dodging
  5474 | D:5      | XOM: silly message
  5634 | D:5      | XOM: cast spell 'Alistair's Intoxication'
  5640 | D:5      | XOM: cast spell 'Call Canine Familiar'
  5641 | D:5      | Reached skill level 5 in Axes
  5641 | D:5      | Reached XP level 8. HP: 43/63 MP: 8/8
  5921 | D:5      | XOM: harmless Fire miscast
  6303 | D:5      | XOM: enchant monster (good)
  6454 | D:6      | Reached skill level 5 in Armour
  6541 | D:6      | Reached skill level 6 in Fighting
  6553 | D:6      | Found a staircase to the Ecumenical Temple.
  6679 | D:6      | XOM: mild Fire miscast
  6720 | D:6      | XOM: god gift: potion of curing
  6738 | D:6      | Reached skill level 5 in Dodging
  6791 | D:6      | XOM: 4-stop teleportation journey
  7052 | D:6      | XOM: summons 4 hostile demons
  7072 | D:6      | XOM: noise
  7525 | D:6      | Found a bloodstained altar of Trog.
  7542 | D:6      | XOM: scenery: create altars
  7554 | D:6      | XOM: cast spell 'Alistair's Intoxication'
  7853 | D:7      | Reached skill level 6 in Axes
  7853 | D:7      | Gained mutation: You have sharp toenails. [demonic
                  | ancestry]
  7853 | D:7      | Reached XP level 9. HP: 35/71 MP: 9/9
  8116 | D:7      | XOM: noise
  8128 | D:7      | XOM: polymorph quasit -> iron imp
  8191 | D:7      | XOM: 3-stop teleportation journey
  8567 | D:7      | Reached skill level 7 in Fighting
  8644 | D:7      | Reached skill level 6 in Armour
  8663 | D:7      | XOM: fog
  8976 | D:7      | XOM: god gift: glowing hunting sling {god gift}
  9051 | D:8      | XOM: scenery: create altars
  9111 | D:8      | Reached skill level 6 in Dodging
  9165 | D:8      | Found a stormy altar of Qazlal.
  9179 | D:8      | Noticed a two-headed ogre
  9187 | D:8      | XOM: cast spell 'Monstrous Menagerie'
  9189 | D:8      | Killed a two-headed ogre
  9189 | D:8      | Reached skill level 7 in Axes
  9236 | D:8      | XOM: 2-stop teleportation journey
  9321 | D:8      | XOM: harmless Necr miscast
  9361 | D:8      | XOM: noise
  9374 | D:8      | Noticed a death yak
  9374 | D:8      | XOM: noise
  9374 | D:8      | Noticed a death yak
  9514 | D:8      | Found a flagged portal.
  9518 | D:8      | Gained mutation: You are immune to freezing clouds.
                  | [demonic ancestry]
  9518 | D:8      | Reached XP level 10. HP: 80/80 MP: 10/10
  9533 | Bailey   | Entered a bailey
  9558 | Bailey   | Noticed an orc knight
  9583 | Bailey   | XOM: enchant monster (bad)
  9584 | Bailey   | Killed an orc knight
  9584 | Bailey   | Reached skill level 8 in Fighting
  9584 | Bailey   | Reached skill level 7 in Armour
  9846 | Bailey   | Found an iron altar of Okawaru.
  9846 | Bailey   | Noticed an orc sorcerer
  9858 | Bailey   | XOM: enchant monster (good)
  9866 | Bailey   | XOM: 1-stop teleportation journey
  9875 | Bailey   | Got an amethyst-encrusted ring mail
  9932 | Bailey   | XOM: chaos cloud
  9949 | Bailey   | XOM: medium Hex miscast
  9989 | Bailey   | Noticed an orange demon
  9996 | Bailey   | Noticed a rust devil
 10004 | D:8      | Noticed a death yak
 10027 | D:8      | XOM: fog
 10039 | D:8      | XOM: harmless Conj miscast
 10065 | D:8      | Noticed a sphinx
 10065 | D:8      | a death yak changed into a sphinx
 10065 | D:8      | XOM: polymorph death yak -> sphinx
 10066 | D:8      | XOM: enchant monster (good)
 10092 | D:8      | HP: 5/80 [sphinx (10)]
 10204 | D:8      | Paralysed by a sphinx for 6 turns
 10208 | D:8      | XOM: divination: detect items
 10210 | D:8      | XOM: enchant monster (good)
 10285 | D:9      | Noticed Grum
 10289 | D:9      | XOM: confuse monster(s)
 10291 | D:9      | XOM: enchant monster (good)
 10301 | D:9      | Reached skill level 7 in Dodging
 10311 | D:9      | Killed Grum
 10355 | D:9      | XOM: silly message
 10393 | D:9      | XOM: enchant monster (bad)
 10614 | D:9      | XOM: scenery: 1 doors open
 10819 | D:9      | XOM: harmless Conj miscast
 10875 | D:9      | Noticed a two-headed ogre
 10891 | D:9      | Killed a two-headed ogre
 10891 | D:9      | Reached skill level 8 in Axes
 10905 | D:9      | XOM: divination: magic mapping
 11030 | D:9      | Noticed Prince Ribbit
 11032 | D:9      | Noticed Maurice
 11047 | D:9      | XOM: cast spell 'Summon Butterflies'
 11050 | D:9      | XOM: scenery: create altars
 11058 | D:9      | XOM: cast spell 'Alistair's Intoxication'
 11072 | D:9      | XOM: summons 5 friendly demons
 11131 | D:9      | XOM: harmless Conj miscast
 11143 | D:9      | XOM: butterfly on damage
 11152 | D:9      | HP: 6/82 [something (7)]
 11154 | D:9      | Blown up by Maurice

Levels and vault maps discovered:
D:1:      dpeg_arrival_orchard, layout_basic
D:2:      layout_basic, minmay_3d_cube
D:3:      layout_loops_ring, first_ration
D:4:      layout_cave_pods, kennysheep_mini_moat
D:5:      layout_basic, fountainhead
D:6:      wander_river, layout_basic, minmay_temple_entry_statues_fountains,
          trog_ov_bears_minmay
D:7:      layout_gridville
D:8:      layout_basic, dpeg_lair_monsters, basic_altar, enter_bailey_3
D:9:      layout_stronghold, serial_undead, serial_undead_a, serial_undead_d,
          serial_undead_a, serial_undead_b, serial_undead_f, serial_undead_e,
          uniq_prince_ribbit1, uniq_grum, uniq_maurice

Skill      XL: |  1  2  3  4  5  6  7  8  9 10 |
---------------+-------------------------------+-----
Dodging        | 1 2 3 4 5 6 7 |  7.6
Armour         | 2 3 4 5 6 7 |  7.8
Axes           | 3 4 5 6 7 8 |  8.1
Fighting       | 4 5 6 7 8 |  8.9

Action                   |  1- 3 |  4- 6 |  7- 9 | 10-12 || total
-------------------------+-------+-------+-------+-------++-------
Melee: Hand axe          |    57 |       |       |    29 ||    86
       Dagger            |   125 |   210 |   396 |       ||   731
       War axe           |       |       |   139 |   187 ||   326
       Kick              |       |       |    33 |    72 ||   105
Evoke: Wand              |       |       |     7 |    10 ||    17
  Use: Potion            |     5 |     1 |     4 |     6 ||    16
       Scroll            |       |       |       |    10 ||    10
 Stab: Sleeping          |       |     1 |     2 |       ||     3
       Paralysed         |       |       |     5 |     9 ||    14
  Eat: Chunk             |     3 |     9 |    16 |     6 ||    34
Armor: Leather armour    |    69 |    40 |   207 |    51 ||   367
Dodge: Dodged            |   147 |   110 |   422 |   158 ||   837

Table legend:
 A = Non-vault XP
 B = Vault XP
 C = Vault XP percentage of total XP
 D = Non-vault monster count
 E = Vault monster count
 F = Vault count percentage of total count
                 A         B        C        D         E       F
            +---------+---------+-------+---------+---------+-------
      Total |    7320 |    2381 |  24.5 |     169 |      35 |  17.2
            +---------+---------+-------+---------+---------+-------
        D:1 |      21 |       0 |   0.0 |      11 |       0 |   0.0
        D:2 |      58 |      18 |  23.7 |      21 |       4 |  16.0
        D:3 |     112 |       0 |   0.0 |      18 |       0 |   0.0
        D:4 |     574 |       0 |   0.0 |      19 |       0 |   0.0
        D:5 |    1054 |       0 |   0.0 |      27 |       0 |   0.0
        D:6 |     585 |     264 |  31.1 |      17 |       2 |  10.5
        D:7 |    1144 |       0 |   0.0 |      25 |       0 |   0.0
        D:8 |    1804 |       8 |   0.4 |      15 |       4 |  21.1
        D:9 |    1968 |     909 |  31.6 |      16 |      11 |  40.7
     Bailey |       0 |    1182 | 100.0 |       0 |      14 | 100.0
            +---------+---------+-------+---------+---------+-------
